 Dungeon Crawl Stone Soup version 0.30-a0-859-gf88a04b62d (webtiles) character file.

Game seed: 13499681279092299967

498 Monkooky the Slasher (level 7, -1/55 HPs)
             Began as a Human Wanderer on Mar 6, 2023.
             Was a Follower of Fedhas.
             Succumbed to a kobold brigand's poison
             ... in a sewer.
             The game lasted 00:12:24 (4302 turns).

Monkooky the Slasher (Human Wanderer)               Turns: 4302, Time: 00:12:25

Health: -1/55      AC:  8    Str: 11    XL:     7   Next: 39%
Magic:  16/16      EV:  9    Int:  9    God:    Fedhas [*.....]
Gold:   270        SH:  0    Dex: 19    Spells: 6/6 levels left

rFire   . . .      SeeInvis .    q - +0 long sword
rCold   . . .      Faith    +    (no shield)
rNeg    . . .      Spirit   .    i - +0 ring mail
rPois   .          Reflect  .    (no helmet)
rElec   .          Rampage  .    (no cloak)
rCorr   .                        (no gloves)
Will    .....                    n - +2 pair of boots
Stlth   ++                       r - amulet of faith
HPRegen 0.29/turn                h - ring of magical power
MPRegen 0.15/turn                (no ring)

@: lethally poisoned (-1 -> -10), hasted, very quick
A: no striking features
a: Renounce Religion


You were in a sewer.
You worshipped Fedhas.
Fedhas was aware of your devotion.
You visited 1 branch of the dungeon, and saw 5 of its levels.
You also visited: Sewer.

You collected 270 gold pieces.

Inventory:

Hand Weapons
 a - a +0 short sword
 q - a +0 long sword (weapon)
 y - a +0 shortbow
Missiles
 o - 7 poisoned darts (quivered)
Armour
 d - a +0 pair of boots
 f - a +0 leather armour
 i - a +0 ring mail (worn)
 n - a +2 pair of boots (worn)
Jewellery
 h - a ring of magical power (left hand)
 r - an amulet of faith (around neck)
 A - an amulet of regeneration
Scrolls
 b - a scroll of blinking
 c - 2 scrolls of amnesia
 j - a scroll of vulnerability
 k - 2 scrolls of enchant armour
 m - a scroll of enchant weapon
 s - a scroll of silence
 u - 2 scrolls of magic mapping
Potions
 e - a potion of resistance {unknown}
 p - a potion of attraction
 t - a potion of invisibility {unknown}
 v - a potion of brilliance {unknown}
 z - a potion of cancellation {unknown}
 B - a potion of might {unknown}


   Skills:
 - Level 4.3 Fighting
 - Level 2.0(3.8) Short Blades
 - Level 5.2(5.4) Long Blades
 + Level 1.8 Ranged Weapons
 - Level 2.0 Armour
 - Level 2.0 Stealth
 - Level 3.0 Unarmed Combat


You had 6 spell levels left.
You didn't know any spells.
Your spell library contained the following spells:

 Spells                   Type           Power      Damage    Failure   Level
 Apportation              Tloc           0%         N/A       67%         1
 Alistair's Intoxication  Tmut/Pois      0%         N/A       100%        5


Dungeon Overview and Level Annotations

Branches:
Dungeon (5/15)             Temple (0/1) D:5           Sewer (1/1)

Altars:
Fedhas

Annotations:
D:3 exclusion: downstairs
D:4 Grinder


Message History

Press: ? - help, v - describe, . - travel
Here: a kobold brigand, wielding a +0 dagger and quivering curare-tipped darts The floor.
You slash the kobold brigand!
The kobold brigand is moderately wounded.
You feel sick.
The kobold brigand hits you with a +0 dagger. x2
* * * LOW HITPOINT WARNING * * *
You slash the kobold brigand!
The kobold brigand is severely wounded.
You feel sick.
You are no longer poisoned.
The kobold brigand barely misses you.
The kobold hits you with a +0 short sword.
* * * LOW HITPOINT WARNING * * *
The kobold brigand throws a poisoned dart.
The poisoned dart hits you!
You are poisoned.
The kobold brigand closely misses you.
It was a potion of haste.
You feel yourself speed up.
You feel yourself speed up.
* * * LOW HITPOINT WARNING * * *
You feel very sick.
The kobold hits you with a +0 short sword.
* * * LOW HITPOINT WARNING * * *
The kobold brigand throws a poisoned dart.
The poisoned dart hits you!
You are more poisoned.
The kobold brigand misses you. The kobold barely misses you.
You barely miss the kobold brigand.
The kobold brigand is severely wounded.
* * * LOW HITPOINT WARNING * * *
You feel sick.
The kobold brigand hits you with a +0 dagger.
* * * LOW HITPOINT WARNING * * *
Unknown command.
You closely miss the kobold brigand.
The kobold brigand is severely wounded.
You die...
Fedhas appreciates your contribution to the ecosystem.

.####..~~.#####~
~~~~~..∩~~≈≈≈≈≈~~..
.####..~..##### !.~ ##
##.~.## .~. # ##†## #~#
#)# #~# #~# #~# ##~##
##~## ##...## ##@K~##
#.....#####..K~.#####~!
#...~.†K~~K.~.~~.....K.
#.....#####.~~.~#####K.
##..~## ##~~.## #####
#####


You could see 2 kobold brigands and a kobold.

Vanquished Creatures
  A centaur (D:5)
  2 scorpions (D:5)
  A hound (D:4)
  A jelly (D:4)
  3 gnolls
  3 river rats (Sewer)
  7 adders
  5 worms
  4 dart slugs
  2 orcs
  12 endoplasms
  4 giant cockroaches
  6 hobgoblins
  4 jackals (D:1)
  8 quokkas
  5 ball pythons
  4 bats
  2 frilled lizards
  12 goblins
  11 kobolds
  7 rats
104 creatures vanquished.

Notes
Turn   | Place    | Note
-------+----------+-------------------------------------------
     0 | D:1      | Monkooky the Human Wanderer began the quest for the Orb.
     0 | D:1      | Monkooky set off with the following items: a +0 short
                  | sword, a scroll of blinking, a potion of heal wounds, a +0
                  | pair of boots, a potion of curing, a +0 leather armour.
     0 | D:1      | Reached XP level 1. HP: 15/15 MP: 1/1
     6 | D:1      | Noticed a black mamba
     6 | D:1      | Noticed an iguana
     7 | D:1      | Noticed a polar bear
     7 | D:1      | Noticed a wyvern
   309 | D:1      | Reached XP level 2. HP: 12/22 MP: 2/2
   611 | D:1      | Reached XP level 3. HP: 28/28 MP: 3/3
  1014 | D:2      | Reached skill level 1 in Long Blades
  1187 | D:2      | Reached XP level 4. HP: 35/35 MP: 4/4
  1406 | D:2      | Reached skill level 2 in Long Blades
  2033 | D:3      | Reached XP level 5. HP: 41/41 MP: 5/5
  2386 | D:4      | Reached skill level 3 in Long Blades
  2534 | D:4      | Reached skill level 4 in Long Blades
  2544 | D:4      | Noticed Grinder
  2605 | D:4      | HP: 1/41 [gnoll/+0 flail (7)]
  2780 | D:3      | Reached XP level 6. HP: 12/47 MP: 6/6
  3238 | D:4      | Paralysed by Grinder for 4 turns
  3310 | D:4      | Paralysed by Grinder for 4 turns
  3658 | D:5      | Entered Level 5 of the Dungeon
  3697 | D:5      | Reached skill level 5 in Long Blades
  3781 | D:5      | Found a blossoming altar of Fedhas.
  3888 | D:5      | Reached XP level 7. HP: 30/53 MP: 7/7
  3906 | D:5      | Became a worshipper of Fedhas Madash
  3917 | D:5      | Found a staircase to the Ecumenical Temple.
  3979 | D:5      | Found a glowing drain.
  3998 | Sewer    | Entered a sewer
  4084 | Sewer    | Reached skill level 1 in Ranged Weapons
  4100 | Sewer    | Reached * piety under Fedhas
  4301 | Sewer    | HP: 1/55 [kobold brigand/+0 dagger (2)]
  4302 | Sewer    | Succumbed to a kobold brigand's poison

Illustrated notes

Levels and vault maps discovered:
D:1:      onia_arrival_zoo_common, layout_basic, roderic_roman_lattice,
          grunt_decor_cap, minmay_tripent
D:2:      layout_rooms, wad_floor_pattern_2
D:3:      layout_basic
D:4:      layout_loops_ring, uniq_grinder
D:5:      layout_loops_ring, nicolae_uskayaw_suspiria, fedhas_altar_1,
          minmay_temple_entry_slanted, portal_sewer_entry_f,
          minmay_misc_feat_alley, uniq_pikel
Sewer:    sewer_co_15_rooms

Skill      XL: |  1  2  3  4  5  6  7 |
---------------+----------------------+-----
Fighting       | 2 3 4 |  4.3
Long Blades    | 1 2 4 5 |  5.2
Ranged Weapons | 1 |  1.8
Short Blades   | |  2.0
Armour         | |  2.0
Stealth        | |  2.0
Unarmed Combat | |  3.0

Action                     |  1- 3 |  4- 6 |  7- 9 || total
---------------------------+-------+-------+-------++-------
  Melee: Short sword       |   152 |    29 |       ||   181
         Punch             |     2 |     2 |     3 ||     7
         Long sword        |       |   148 |    90 ||   238
   Fire: Shortbow          |       |       |    11 ||    11
  Throw: Dart              |       |       |    21 ||    21
    Use: Scroll            |     2 |     8 |     1 ||    11
         Potion            |     1 |     5 |     4 ||    10
   Stab: Sleeping          |     1 |     1 |       ||     2
 Armour: Leather armour    |    12 |       |       ||    12
         Ring mail         |    56 |   102 |    38 ||   196
  Dodge: Dodged            |    79 |    94 |    31 ||   204

Table legend: (Time is in decaauts)
 A = Elapsed time spent in this place.
 B = Non-inter-level travel time spent in this place.
 C = Inter-level travel time spent in this place.
 D = Time resting spent in this place.
 E = Time spent auto-exploring this place.
 F = Levels seen in this place.
 G = Mean time per level.
                   A        B        C        D        E       F      G
               +--------+--------+--------+--------+--------+-----+--------+
         Total |   4386 |   4288 |     98 |    409 |   2467 |   6 |  731.0 |
       Dungeon |   4016 |   3918 |     98 |    406 |   2339 |   5 |  803.2 |
         Sewer |    370 |    370 |      0 |      3 |    127 |   1 |  370.0 |
               +--------+--------+--------+--------+--------+-----+--------+

Top non-repeatable levels by time:
     D:4: 1101 daAuts
     D:1: 1029 daAuts
     D:3: 898 daAuts
     D:2: 638 daAuts
   Sewer: 370 daAuts
     D:5: 348 daAuts
